 Dungeon Crawl Stone Soup version 0.28-a0-938-gbc3f381ebc (webtiles) character file.

Game seed: 7079544252306855556

59 Hipnos the Shooter (level 3, 0/20 HPs)
             Began as a Deep Elf Arcane Marksman on Nov 28, 2021.
             Slain by a goblin (3 damage)
             ... on level 3 of the Dungeon.
             The game lasted 00:02:27 (1537 turns).

Hipnos the Shooter (Deep Elf Arcane Marksman)       Turns: 1537, Time: 00:02:28

Health: 0/20       AC:  2    Str:  7    XL:     3   Next: 78%
Magic:  7/7        EV: 12    Int: 17    God:
Gold:   126        SH:  0    Dex: 16    Spells: 4/5 levels left

rFire   . . .      SeeInvis .   a - +0 shortbow
rCold   . . .      Faith    .   (shield currently unavailable)
rNeg    . . .      Spirit   .   d - +0 robe
rPois   .          Reflect  .   (no helmet)
rElec   .          Harm     .   (no cloak)
rCorr   .          Rampage  .   (no gloves)
Will    .....                   (no boots)
Stlth   +.........              (no amulet)
HPRegen 0.06/turn               (no ring)
MPRegen 0.10/turn               (no ring)

@: no status effects
A: no striking features
a: no special abilities


You were on level 3 of the Dungeon.
You visited 1 branch of the dungeon, and saw 4 of its levels.

You collected 126 gold pieces.

Inventory:

Hand Weapons
 a - a +0 shortbow (weapon)
Missiles
 b - 17 arrows (quivered ammo)
Armour
 d - a +0 robe (worn)


   Skills:
 * Level 1.2 Fighting
 * Level 4.7 Bows
 + Level 2.4 Dodging
 + Level 1.5 Spellcasting
 + Level 4.5 Hexes


You had 4 spell levels left.
You knew the following spells:

 Your Spells              Type           Power      Damage    Failure   Level
a - Slow                  Hex            64%        N/A       3%          1

Your spell library contained the following spells:

 Spells                   Type           Power      Damage    Failure   Level
 Inner Flame              Hex/Fire       9%         N/A       24%         3
 Portal Projectile        Hex/Tloc       18%        N/A       24%         3
 Cause Fear               Hex            8%         N/A       30%         4


Dungeon Overview and Level Annotations

Branches:
Dungeon (4/15)
 Temple: D:4-7

Altars:


Message History

The goblin misses you.
You climb upwards.
The ball python closely misses you. The ball python grabs you.
The ball python constricts you. The ball python bites you.
The ball python constricts you.
* * * LOW HITPOINT WARNING * * *
There is a stone staircase leading down here.
The ball python's grasp on you weakens, but your attempt to escape fails.
The ball python barely misses you. The ball python constricts you.
The goblin barely misses you.
You escape the ball python's grasp.
The ball python misses you. The ball python grabs you.
The ball python constricts you.
You escape the ball python's grasp.
You see here 20 arrows.
b - 20 arrows The goblin hits you with a +0 dagger.
* * * LOW HITPOINT WARNING * * *
The goblin hits you with a +0 dagger.
* * * LOW HITPOINT WARNING * * *
Fire: 20 arrows
Press: ? - help, Q - select action, (/) - cycle Shift-Dir - straight line, f - goblin
Aim: a goblin, wielding a +0 dagger (55% to hit)
You shoot an arrow. The arrow barely misses the goblin.
The arrow hits the ball python.
The ball python is severely wounded.
The goblin hits you with a +0 dagger.
* * * LOW HITPOINT WARNING * * *
Fire: 19 arrows
Press: ? - help, Q - select action, (/) - cycle Shift-Dir - straight line, f/p - goblin
Aim: a goblin, wielding a +0 dagger (55% to hit)
You shoot an arrow. The arrow closely misses the goblin.
The arrow closely misses the ball python.
The goblin barely misses you.
Fire: 18 arrows
Press: ? - help, Q - select action, (/) - cycle Shift-Dir - straight line, f/p - goblin
Aim: a goblin, wielding a +0 dagger (55% to hit)
You shoot an arrow. The arrow misses the goblin.
The arrow hits the ball python.
You kill the ball python!
The goblin hits you with a +0 dagger.
You die...

#.....<....#
##.......#.#
##.....##...
##....$..#
#..####.#
#.>...# #
#.###.#
#.###.#.#
#.@g(..(#
##+++####


You could see a goblin.

Vanquished Creatures
  A hound skeleton (D:2)
  An adder (D:2)
  A gnoll (D:1)
  4 ball pythons
  5 endoplasms
  A giant cockroach (D:2)
  2 goblins
  3 hobgoblins
  4 kobolds
  A quokka (D:1)
  2 bats
25 creatures vanquished.

Vanquished Creatures (others)
  3 fungi (D:2)
  A plant (D:2)
4 creatures vanquished.

Grand Total: 29 creatures vanquished

Notes
Turn   | Place    | Note
-------+----------+-------------------------------------------
     0 | D:1      | Hipnos the Deep Elf Arcane Marksman began the quest for the
                  | Orb.
     0 | D:1      | Reached XP level 1. HP: 11/11 MP: 5/5
   156 | D:1      | Reached skill level 1 in Fighting
   205 | D:1      | Reached XP level 2. HP: 16/16 MP: 6/6
   929 | D:2      | Reached XP level 3. HP: 19/20 MP: 7/7
  1537 | D:3      | Slain by a goblin

Illustrated notes

Levels and vault maps discovered:
D:1:      lightli_arrival_flooded_house, layout_loops_corners
D:2:      layout_rooms, dreamdust_ecumenical_altar_hidden_monk_grotto,
          basic_altar, hangedman_feature_mirror
D:3:      layout_loops_corners, mainiacjoe_overflow_catch_the_wave,
          mainiacjoe_overflow_big_doors, uniq_robin, uniq_terence
D:4:      layout_basic

Skill      XL: |  1  2 |
---------------+-------+-----
Fighting       | 1 |  1.2
Bows           | 3 4 |  4.7
Dodging        | |  2.4
Spellcasting   | |  1.5
Hexes          | |  4.5

Action                   || total
-------------------------++-------
 Fire: Shortbow          ||    78
 Cast: Slow              ||     7
  Use: Scroll            ||     2
       Potion            ||     1
Armor: Robe              ||     7
Dodge: Dodged            ||    31

Table legend: (Time is in decaauts)
 A = Elapsed time spent in this place.
 B = Non-inter-level travel time spent in this place.
 C = Inter-level travel time spent in this place.
 D = Time resting spent in this place.
 E = Time spent auto-exploring this place.
 F = Levels seen in this place.
 G = Mean time per level.
                   A        B        C        D        E       F      G
               +--------+--------+--------+--------+--------+-----+--------+
         Total |   1544 |   1526 |     18 |      0 |   1307 |   4 |  386.0 |
       Dungeon |   1544 |   1526 |     18 |      0 |   1307 |   4 |  386.0 |
               +--------+--------+--------+--------+--------+-----+--------+

Top non-repeatable levels by time:
     D:1: 905 daAuts
     D:2: 617 daAuts
     D:3: 20 daAuts
     D:4: 1 daAuts
